 Dungeon Crawl Stone Soup version 0.31-a0-968-g24f9ace8b5 (webtiles) character file.

Game seed: 10884137807858912887

317 Shayle the Sneak (level 6, -5/37 HPs)
             Began as a Tengu Hexslinger on Oct 26, 2023.
             Killed from afar by Ijyb (19 damage)
             ... with an iceblast
             ... on level 4 of the Dungeon on Oct 27, 2023.
             The game lasted 00:06:55 (2002 turns).

Shayle the Sneak (Tengu Hexslinger)                 Turns: 2002, Time: 00:06:56

Health: -5/37      AC:  4    Str:  9    XL:     6   Next: 44%
Magic:  4/8        EV: 14    Int: 15    God:
Gold:   187        SH:  0    Dex: 16    Spells: 3/7 levels left

rFire   x . .        n - +7 dagger of Greatest Utility {flame, rF- rN++ SInv Stlth+}
rCold   . . .        (no shield)
rNeg    + + .        c - +0 robe
rPois   .            (helmet restricted)
rElec   .            m - +0 cloak
rCorr   .            i - +0 pair of gloves
SInv    +            (boots unavailable)
Will    .....        (no amulet)
Stlth   ++++         (no ring)
HPRegen 0.26/turn    (no ring)
MPRegen 0.11/turn

%: acrobat
@: weak-willed, jinxed
A: beak, talons 3, acrobatic
a: no special abilities


You were on level 4 of the Dungeon.
You visited 1 branch of the dungeon, and saw 4 of its levels.

You collected 187 gold pieces.

Inventory:

Hand Weapons
 a - a +1 sling
 n - the +7 dagger of Greatest Utility (weapon) {flame, rF- rN++ SInv Stlth+}
   (You found it on level 2 of the Dungeon)

   rF-:       It makes you vulnerable to fire.
   rN++:      It greatly protects you from negative energy.
   SInv:      It lets you see invisible.
   Stlth+:    It makes you more stealthy.
Armour
 c - a +0 robe (worn)
 i - a +0 pair of gloves (worn)
 m - a +0 cloak (worn)
Jewellery
 h - a ring of magical power
 w - a ring of wizardry
 x - a ring of protection from cold
Talismans
 k - a talisman of death
Wands
 q - a wand of paralysis (10)
Scrolls
 b - 2 scrolls of poison
 d - 3 scrolls of identify {unknown}
 g - a scroll of teleportation {unknown}
 j - a scroll of blinking {unknown}
 l - 2 scrolls of summoning {unknown}
 o - a scroll of acquirement {unknown}
 s - a scroll of noise {unknown}
 v - a scroll of revelation {unknown}
Potions
 e - 2 potions of mutation {unknown}
 f - a potion of brilliance {unknown}
 p - 2 potions of curing {unknown}
 r - a potion of invisibility {unknown}
 t - a potion of degeneration {unknown}
 u - a potion of berserk rage {unknown}
 z - a potion of haste {unknown}


   Skills:
 + Level 3.3 Fighting
 - Level 2.1 Ranged Weapons
 + Level 4.1 Dodging
 * Level 4.4 Stealth
 - Level 1.0 Spellcasting
 - Level 2.1 Hexes
 - Level 1.1 Fire Magic


You had 3 spell levels left.
You knew the following spells:

 Your Spells              Type           Power      Damage    Failure   Level
a - Jinxbite              Hex            14%        N/A       16%         2
b - Ensorcelled Hibernat  Hex/Ice        8%         N/A       24%         2

Your spell library contained the following spells:

 Spells                   Type           Power      Damage    Failure   Level
 Sigil of Binding         Hex            7%         N/A       30%         3
 Passwall                 Tmut/Erth      0%         N/A       36%         2
 Inner Flame              Hex/Fire       5%         N/A       36%         3
 Swiftness                Air            0%         N/A       58%         3
 Cause Fear               Hex            3%         N/A       69%         4
 Dimensional Bullseye     Hex/Tloc       2%         N/A       83%         4
 Yara's Violent Unravell  Hex/Tmut       2%         3d3       99%         5
 Enfeeble                 Hex            3%         N/A       100%        7


Dungeon Overview and Level Annotations

Branches:
Dungeon (4/15)
 Temple: D:4-7

Altars:
Qazlal

Shops:
D:1 =

Annotations:
D:4 Ijyb


Innate Abilities, Weirdness & Mutations

You have a beak for a mouth.
You have claws for feet.
You can magically evade attacks while moving or waiting.


Message History

The helpless quokka fails to defend itself.
You impale the quokka!! You burn the quokka.
You kill the quokka!
You now have 187 gold pieces (gained 17).
d - 3 scrolls labelled EBEUGR IRAGHIQ (gained 1)
z - a lumpy inky potion A wyvern comes into view.
Ijyb and a jackal come into view.
Ijyb is wielding a +0 club and carrying a wand of iceblast.
Found a scroll labelled QUUTUK VAMMUA and a scroll labelled EBEUGR IRAGHIQ.
Found a scroll labelled EBEUGR IRAGHIQ.
Ijyb zaps a wand.
The mass of ice explodes!
The iceblast engulfs you!
The wyvern hisses angrily.
The jackal barks!
You hear a shout!
A jackal comes into view. x2
The wyvern misses you.
Ijyb screams, "No!
No, no, no, no!"
Things that are here:
a +0 chain mail; a +0 flail; an orc skeleton The wyvern misses you.
There is a stone staircase leading up here.
Casting: Jinxbite (safe; 16% risk of failure)
Confirm with . or Enter, or press ? or * to list all spells.
You beckon some vexing sprites to accompany your attacks.
You feel your willpower being sapped. The wyvern bites you!
Casting: Jinxbite (safe; 16% risk of failure)
Confirm with . or Enter, or press ? or * to list all spells.
Aiming: Ensorcelled Hibernation (dangerous; 24% risk of failure)
Press: ? - help, Shift-Dir - straight line, f - wyvern
Aim: a wyvern (chance to call a sprite on attack: 40%, chance to affect: 37%)
The wyvern looks drowsy...
The helpless wyvern fails to defend itself.
You impale the wyvern!! You burn the wyvern!
You claw the wyvern, but do no damage.
The wyvern is almost dead.
The wyvern bites you!
You hit the wyvern. You burn the wyvern.
You kill the wyvern!
Ijyb zaps a wand.
The mass of ice explodes!
The iceblast engulfs you!!
Ouch! That really hurt!
You die...

#.....#....# #...#
#######....# #...#
....†....%.# ##...#
....#####.## # #....###
...## #.# .# #......#
.#.## #.##.# ###h..##.#
##..#####.... ####.g...#
..g ###....##..#
#.[..h..## .... #
####..#<.#####@.......###
.?.
####.....#.............#
...
#..........#####.#.....#
#..####.###.# ###.#..8..#
#.. #..##.###.........##.
. #..##.................
#..##..........#######
...............#
...............#


You could see Ijyb and 2 jackals.

Vanquished Creatures
  A wyvern (D:4)
  A scorpion (D:3)
  A water moccasin skeleton (D:4)
  A water moccasin zombie (D:4)
  A bullfrog skeleton (D:4)
  Jessica (D:2)
  A scorpion zombie (D:4)
  2 hound zombies (D:4)
  A worm (D:3)
  A dart slug (D:1)
  2 orcs
  3 bats
  2 endoplasms
  A giant cockroach (D:1)
  2 goblins
  3 hobgoblins
  4 quokkas
  5 ball pythons
  A frilled lizard (D:3)
  7 kobolds
  A quokka zombie (D:4)
  4 rats
46 creatures vanquished.

Notes
Turn   | Place    | Note
-------+----------+-------------------------------------------
     0 | D:1      | Shayle the Tengu Hexslinger began the quest for the Orb.
     0 | D:1      | Reached XP level 1. HP: 12/12 MP: 3/3
     1 | D:1      | Found a faded altar of an unknown god.
   170 | D:1      | Reached XP level 2. HP: 16/16 MP: 4/4
   173 | D:1      | Learned a level 2 spell: Jinxbite
   178 | D:1      | Reached skill level 1 in Stealth
   477 | D:1      | Found Ytza's Jewellery Emporium.
   508 | D:1      | Upgraded the game from 0.31-a0-965-g8a8ce12e04 to
                  | 0.31-a0-968-g24f9ace8b5
   617 | D:2      | Noticed Jessica
   623 | D:2      | Killed Jessica
   624 | D:2      | Reached XP level 3. HP: 21/21 MP: 5/5
   756 | D:2      | Identified the +7 dagger of Greatest Utility {flame, rF-
                  | rN++ SInv Stlth+}
  1150 | D:3      | Reached XP level 4. HP: 26/26 MP: 6/6
  1604 | D:4      | Noticed a scorpion
  1620 | D:3      | Killed a scorpion
  1621 | D:3      | Reached XP level 5. HP: 23/31 MP: 2/7
  1752 | D:4      | Learned a level 2 spell: Ensorcelled Hibernation
  1764 | D:4      | Found a stormy altar of Qazlal.
  1812 | D:4      | Reached XP level 6. HP: 27/37 MP: 8/8
  1986 | D:4      | Noticed a wyvern
  1989 | D:4      | Noticed Ijyb
  2002 | D:4      | Killed a wyvern
  2002 | D:4      | Killed from afar by Ijyb

Illustrated notes

Levels and vault maps discovered:
D:1:      ebering_hopf_link, layout_loops_ring, serial_shops,
          nicolae_shop_getting_attention, ebering_ecumenical_altar_mist
D:2:      layout_rooms, uniq_jessica
D:3:      layout_loops_ring
D:4:      layout_rooms, amcnicky_altar_gilded, minmay_temple_entry_junction,
          serial_undead, serial_undead_d, serial_undead_d, serial_undead_e,
          serial_undead_d, uniq_natasha, uniq_ijyb

Skill      XL: |  1  2  3  4  5  6 |
---------------+-------------------+-----
Stealth        | 1 2 3 4 |  4.4
Fighting       | 2 3 |  3.3
Dodging        | 3 4 |  4.1
Ranged Weapons | |  2.1
Spellcasting   | |  1.0
Hexes          | |  2.1
Fire Magic     | |  1.1

Action                     |  1- 3 |  4- 6 || total
---------------------------+-------+-------++-------
  Melee: Dagger            |     8 |    49 ||    57
         Kick              |     2 |    10 ||    12
         Peck              |     1 |     8 ||     9
         Punch             |       |     2 ||     2
   Fire: Sling             |    34 |       ||    34
   Cast: Jinxbite          |       |     2 ||     2
         Ensorcelled Hiber |       |     1 ||     1
   Stab: Sleeping          |       |     8 ||     8
 Armour: Robe              |     1 |    24 ||    25
  Dodge: Dodged            |     7 |    29 ||    36

Table legend: (Time is in decaauts)
 A = Elapsed time spent in this place.
 B = Non-inter-level travel time spent in this place.
 C = Inter-level travel time spent in this place.
 D = Time resting spent in this place.
 E = Time spent auto-exploring this place.
 F = Levels seen in this place.
 G = Mean time per level.
                   A        B        C        D        E       F      G
               +--------+--------+--------+--------+--------+-----+--------+
         Total |   2010 |   1867 |    143 |     42 |   1386 |   4 |  502.5 |
       Dungeon |   2010 |   1867 |    143 |     42 |   1386 |   4 |  502.5 |
               +--------+--------+--------+--------+--------+-----+--------+

Top non-repeatable levels by time:
     D:3: 713 daAuts
     D:1: 605 daAuts
     D:2: 413 daAuts
     D:4: 279 daAuts
